Map: Nightshade LE

Players

Botervloot - Winner!

  • Race: Protoss Protoss
  • League: Platinum
  • Spawn Location: 5:00

JimboWL

  • Race: Protoss Protoss
  • League: Diamond
  • Spawn Location: 11:00

VOD

Have the link to the VOD?

Description

Time

  • Played on: Dec. 11, 2019, 10:11 a.m.
  • Length: 10:32
Show
View Real Time Build Order
Export as new Build Order

Botervloot Protoss - Winner!

Build Orders:  

Get SALT Encoding   

  12  0:00  Probe  
  13  0:13  Probe  
  14  0:17  Pylon  
  14  0:25  Probe (Chrono Boost)  
  15  0:37  Probe (Chrono Boost)  
  15  0:40  Gateway  
  16  0:45  Probe (Chrono Boost)  
  16  0:48  Assimilator  
  17  0:51  Probe  
  18  1:03  Probe  
  19  1:07  Gateway  
  19  1:15  Probe  
  19  1:17  Pylon  
  20  1:30  Cybernetics Core  
  20  1:34  Probe  
  20  1:36  Assimilator  
  21  1:46  Probe, Pylon  
  22  1:58  Probe  
  23  2:03  Adept (Chrono Boost)  
  23  2:04  Adept (Chrono Boost)  
  27  2:27  Nexus  
  27  2:40  Warp Gate  
  27  2:41  Stalker  
  29  2:45  Probe  
  29  2:50  Pylon  
  30  2:57  Probe  
  31  3:19  Probe  
  32  3:31  Probe  
  33  3:39  Probe  
  34  3:43  Probe  
  35  3:51  Probe  
  36  3:56  Probe (Chrono Boost)  
  36  3:57  Gateway  
  36  3:59  Robotics Facility  
  37  4:04  Probe (Chrono Boost)  
  37  4:07  Stalker x2  
  37  4:08  Probe (Chrono Boost)  
  43  4:14  Probe (Chrono Boost)  
  43  4:15  Probe (Chrono Boost)  
  45  4:26  Probe x2  
  47  4:38  Probe x2  
  49  4:50  Probe x2  
  49  5:02  Probe x2, Pylon  
  49  5:05  Pylon  
  51  5:09  Immortal  
  55  5:17  Probe (Chrono Boost)  
  55  5:18  Gateway, Probe (Chrono Boost)  
  55  5:20  Assimilator  
  57  5:24  Twilight Council  
  57  5:30  Probe x2 (Chrono Boost)  
  57  5:31  Forge  
  57  5:32  Assimilator  
  59  5:36  Stalker x3  
  59  5:42  Probe  
  65  5:43  Probe  
  65  5:44  Nexus  
  67  5:53  Gateway  
  67  5:54  Probe  
  67  5:55  Gateway, Probe  
  69  6:07  Probe x2  
  67  6:19  Probe, Shield Battery  
  67  6:20  Probe  
  69  6:26  Gateway  
  69  6:27  Gateway  
  69  6:30  Stalker x4  
  69  6:31  Probe  
  78  6:34  Charge  
  78  6:36  Pylon  
  78  6:38  Pylon  
  78  6:44  Pylon  
  78  6:46  Protoss Ground Weapons Level 1 (Chrono Boost)  
  78  6:47  Pylon  
  78  6:54  Probe x2  
  80  7:06  Probe  
  79  7:10  Pylon  
  79  7:12  Probe x2  
  79  7:15  Stalker x4  
  86  7:16  Stalker x2  
  86  7:19  Probe (Chrono Boost)  
  93  7:24  Probe (Chrono Boost)  
  93  7:25  Immortal  
  93  7:28  Probe (Chrono Boost)  
  99  7:32  Shield Battery  
  99  7:35  Probe (Chrono Boost), Pylon  
  99  7:36  Shield Battery  
  99  7:37  Probe (Chrono Boost)  
  102  7:38  Probe (Chrono Boost)  
  102  7:42  Probe  
  103  7:44  Probe, Assimilator  
  103  7:46  Assimilator  
  103  7:48  Probe  
  103  7:50  Stalker  
  107  7:55  Templar Archives  
  107  7:58  Probe x2  
  109  8:03  Sentry  
  109  8:04  Stalker x2, Sentry  
  117  8:15  Stalker x2  
  117  8:16  Stalker x2  
  125  8:20  Blink (Chrono Boost)  
  125  8:30  Stalker  
  125  8:31  Stalker x3  
  122  8:55  Stalker x6  
  120  8:56  Stalker x2  
  130  9:05  Probe (Chrono Boost)  
  133  9:10  Probe x2 (Chrono Boost)  
  133  9:12  Pylon  
  133  9:14  Pylon  
  133  9:16  Probe (Chrono Boost), Pylon  
  134  9:19  Probe x2 (Chrono Boost)  
  134  9:29  Probe  
  131  9:33  Nexus  
Show
View Real Time Build Order
Export as new Build Order

JimboWL Protoss 

Build Orders: 1 Gate Expand 

Get SALT Encoding   

  12  0:03  Probe  
  13  0:14  Pylon  
  13  0:19  Probe (Chrono Boost)  
  14  0:31  Probe (Chrono Boost)  
  15  0:37  Probe (Chrono Boost)  
  15  0:42  Gateway  
  16  0:48  Probe  
  17  0:53  Assimilator  
  17  1:00  Probe (Chrono Boost)  
  18  1:05  Assimilator  
  19  1:12  Probe (Chrono Boost)  
  19  1:19  Probe (Chrono Boost)  
  20  1:26  Probe  
  20  1:32  Nexus  
  21  1:40  Nexus  
  21  1:49  Cybernetics Core  
  21  1:53  Probe  
  22  2:06  Probe  
  23  2:24  Pylon  
  23  2:26  Warp Gate  
  22  2:37  Gateway  
  22  2:39  Pylon  
  22  2:42  Adept (Chrono Boost), Shield Battery  
  22  2:43  Shield Battery  
  24  2:52  Gateway  
  24  3:02  Adept (Chrono Boost)  
  26  3:15  Shield Battery  
  23  3:26  Adept  
  19  3:51  Adept  
  21  4:00  Probe x2 (Chrono Boost)  
  25  4:10  Probe x2 (Chrono Boost)  
  25  4:17  Probe x2  
  27  4:25  Adept  
  27  4:29  Probe  
  30  4:32  Pylon  
  29  4:52  Probe x2  
  31  4:55  Robotics Facility  
  29  5:00  Adept  
  29  5:04  Probe x2  
  33  5:13  Adept  
  35  5:14  Adept  
  35  5:17  Probe x2  
  39  5:22  Adept  
  41  5:35  Shield Battery  
  41  5:37  Probe x2  
  41  5:40  Adept  
  41  5:42  Adept  
  47  5:51  Immortal (Chrono Boost)  
  47  5:56  Probe  
  52  5:58  Probe  
  49  6:16  Stalker x2  
  49  6:17  Stalker  
  55  6:22  Probe x2  
  57  6:30  Warp Prism (Chrono Boost)  
  59  6:34  Probe x2  
  61  6:41  Forge  
  61  6:58  Pylon  
  59  7:03  Pylon  
  59  7:04  Assimilator  
  59  7:06  Assimilator  
  57  7:14  Protoss Ground Weapons Level 1 (Chrono Boost)  
  57  7:17  Stalker x3  
  63  7:25  Gateway  
  63  7:31  Gateway  
  63  7:33  Probe x2  
  63  7:34  Immortal  
  69  7:51  Sentry  
  71  7:53  Stalker  
  71  7:55  Sentry  
  75  7:59  Nexus  
  75  8:17  Stalker  
  77  8:23  Probe, Pylon  
  77  8:26  Pylon  
  78  8:29  Pylon  
  78  8:33  Pylon  
  78  8:36  Pylon  
  78  8:38  Gateway  
  78  8:40  Pylon  
  78  8:41  Probe x2  
  70  8:51  Stalker x4  
  56  8:58  Immortal (Chrono Boost)  
  52  9:08  Stalker  
  54  9:15  Shield Battery  
  54  9:18  Shield Battery  
  54  9:20  Shield Battery  
  54  9:22  Stalker x2  
  54  9:23  Stalker  
  54  9:24  Stalker  
  6  10:14  Zealot x2  
  6  10:15  Zealot x2  
Tags
 
Add a new tag
Caveats
  • Supply blocks, unpowered buildings, or Contaminate may cause inaccurate times.
  • Supply counts are checked every 10 seconds.